 Dungeon Crawl Stone Soup version 0.19.5 (webtiles) character file.

2592 JeffiDaFish the Nimble (level 9, -2/47 HPs)
             Began as a Spriggan Hunter on Dec 13, 2017.
             Was a Priest of Fedhas.
             Slain by a wolf (7 damage)
             ... on level 8 of the Dungeon.
             The game lasted 00:23:08 (7675 turns).

JeffiDaFish the Nimble (Spriggan Hunter)            Turns: 7675, Time: 00:23:09

Health: -2/47      AC:  7    Str:  8    XL:     9   Next: 33%
Magic:  12/12      EV: 25    Int: 15    God:    Fedhas [***...]
Gold:   286        SH:  0    Dex: 19    Spells: 0 memorised, 8 levels left

rFire  . . .     SeeInvis +     m - +0 rapier
rCold  + + .     Gourm    .     o - +2 robe {MR+}
rNeg   . . .     Faith    .     (shield restricted)
rPois  .         Spirit   .     (helmet restricted)
rElec  .         Reflect  .     j - +2 cloak
rCorr  .         Harm     .     (gloves unavailable)
MR     ++...                    (boots unavailable)
Stlth  ++++......               (no amulet)
                                i - ring of protection from cold
                                g - ring of protection from cold

@: starving, very quick
A: unfitting armour, see invisible, clever 1, herbivore 3, speed 3, slow
metabolism 2
a: Fungal Bloom, Evolution, Sunlight, Growth, Renounce Religion


You were on level 8 of the Dungeon.
You worshipped Fedhas.
Fedhas was most pleased with you.
You were starving.

You visited 1 branch of the dungeon, and saw 9 of its levels.

You collected 398 gold pieces.
You spent 112 gold pieces at shops.

Inventory:

Hand Weapons
 a - a +1 hand crossbow
 m - a +0 rapier (weapon)
Missiles
 d - 97 bolts
Armour
 j - a +2 cloak (worn)
 o - a +2 robe of magic resistance (worn)
Jewellery
 g - a ring of protection from cold (left hand)
 i - a ring of protection from cold (right hand)
Wands
 p - a wand of iceblast (10/15)
Scrolls
 b - 4 scrolls of remove curse
 h - 6 scrolls of identify
 q - 2 scrolls of recharging
 r - 4 scrolls of enchant armour
Books
 e - a book of Changes

   Spells                             Type                      Level
   a - Beastly Appendage              Transmutation                1
   b - Sticks to Snakes               Transmutation                2
   c - Spider Form                    Transmutation/Poison         3
   d - Ice Form                       Ice/Transmutation            4
   e - Blade Hands                    Transmutation                5
 n - a book of Maledictions

   Spells                             Type                      Level
   a - Corona                         Hexes                        1
   b - Ensorcelled Hibernation        Hexes/Ice                    2
   c - Confuse                        Hexes                        3
   d - Tukima's Dance                 Hexes                        3
   e - Dazzling Spray                 Conjuration/Hexes            3
Comestibles
 c - 6 fruits
 f - 6 bread rations
 k - 2 slices of pizza


   Skills:
 * Level 5.0 Fighting
 + Level 4.3 Short Blades
 * Level 7.9 Crossbows
 * Level 8.9 Dodging
 + Level 6.6 Stealth
 + Level 3.2 Invocations


You had 8 spell levels left.
You didn't know any spells.

Dungeon Overview and Level Annotations

Branches:
Dungeon (9/15)             Temple (0/1) D:4
   Lair: D:8-11         Orc: D:9-12

Altars:
Dithmenos
Elyvilon
Fedhas
Gozag
Kikubaaqudgha
Trog
Yredelemnul
Zin
The Shining One

Shops:
D:7 ?


Innate Abilities, Weirdness & Mutations

You are very small and have problems with some larger weapons.
You are too small for most types of armour.
You have supernaturally acute eyesight. (SInv)
You are a herbivore.
You cover ground extremely quickly.
You need consume almost no food.
Your mind is acute. (Int +2)


Message History

Okay, then.
The phantom completely misses you.
There is a collapsed entrance here.
You are too injured to fight recklessly!
You are too injured to fight recklessly!
You are too injured to fight recklessly!
You hit the wolf but do no damage. The wolf bites you but does no damage.
The phantom blinks!
You completely miss the wolf. The wolf completely misses you.
The phantom blinks!
The wolf bites you.
* * * LOW HITPOINT WARNING * * *
You barely miss the wolf. The wolf completely misses you. x2
You closely miss the wolf. The wolf misses you. The phantom barely misses you.
The sky beast hits you but does no damage.
The wolf closely misses you.
You hit the wolf.
The wolf is lightly wounded.
The phantom closely misses you. The wolf bites you!
You die...
Fedhas appreciates your contribution to the ecosystem.

,,............(.(l5.......#,*
,,.........################,*
,,..#####...,,,,,,,,,,,,,,,,*
,,..* #######*****,********
,,,,* *....# *,**
***#######....###***,,*
#.............,,,,,*
####.........#######,,*
.............#.W@..#,,*
###..........#.OhY.#,,*
..........#..#.#.#.#,#*
......8/..#..#.#.#.#.#
..........##.###.###.#
..[.......##.≈.......#
..........########.###
...................#
.............#######


You could see a phantom, a sky beast (invisible), an ogre and a wolf.

Vanquished Creatures
  A hungry ghost (D:7)
  A sky beast (D:8)
  A black bear (D:8)
  An orc warrior (D:7)
  An ice beast (D:8)
  4 ogres
  A centaur (D:7)
  A bullfrog (D:7)
  A water moccasin zombie (D:8)
  2 scorpions
  4 killer bees
  A howler monkey (D:6)
  2 crimson imps (D:5)
  A centaur zombie (D:8)
  3 hounds (D:5)
  3 jellies
  Crazy Yiuf (D:5)
  A bullfrog skeleton (D:8)
  A centaur skeleton (D:6)
  3 orc wizards
  2 orc priests
  4 iguanas
  7 worker ants
  A hound zombie (D:5)
  A howler monkey zombie (D:5)
  7 gnolls (D:3)
  A howler monkey skeleton (D:8)
  10 adders
  2 shadow imps (D:7)
  2 white imps (D:8)
  An adder skeleton (D:8)
  2 worms
  A dart slug (D:3)
  5 leopard geckos
  12 orcs
  3 giant cockroaches
  12 goblins
  6 hobgoblins
  13 jackals
  9 kobolds
  5 quokkas
  6 bats
  6 frilled lizards
  A goblin zombie (D:8)
  A leopard gecko zombie (D:8)
  A quokka simulacrum (D:8)
  10 rats
  A rat zombie (D:8)
  A spectral orc (D:4)
167 creatures vanquished.

Vanquished Creatures (collateral kills)
  An ogre (D:7)
  3 killer bees (D:7)
4 creatures vanquished.

Vanquished Creatures (others)
  A wandering mushroom (D:7)
  89 toadstools
90 creatures vanquished.

Grand Total: 261 creatures vanquished

Notes
Turn   | Place    | Note
-------+----------+-------------------------------------------
     0 | D:1      | JeffiDaFish the Spriggan Hunter began the quest for the Orb.
     0 | D:1      | Reached XP level 1. HP: 10/10 MP: 2/2
    87 | D:1      | Reached XP level 2. HP: 8/14 MP: 3/3
  1339 | D:2      | Found a faded altar of an unknown god.
  1339 | D:2      | Found a faded altar of an unknown god.
  1344 | D:2      | Found a faded altar of an unknown god.
  1346 | D:2      | Found a faded altar of an unknown god.
  1348 | D:2      | Found a shadowy altar of Dithmenos.
  1579 | D:2      | Reached XP level 3. HP: 16/18 MP: 4/4
  1754 | D:2      | Found a white marble altar of Elyvilon.
  1888 | D:2      | Reached skill level 5 in Crossbows
  1981 | D:2      | Found a blossoming altar of Fedhas.
  1994 | D:2      | Became a worshipper of Fedhas Madash
  2184 | D:2      | Found a bloodstained altar of Trog.
  2188 | D:2      | Reached XP level 4. HP: 23/23 MP: 5/5
  2641 | D:3      | Reached skill level 1 in Short Blades
  2808 | D:3      | Reached * piety under Fedhas
  2816 | D:3      | Found a glowing silver altar of Zin.
  2816 | D:3      | Found an opulent altar of Gozag.
  2938 | D:3      | Noticed an ogre
  2957 | D:3      | Killed an ogre
  2957 | D:3      | Reached skill level 4 in Dodging
  2957 | D:3      | Reached XP level 5. HP: 27/27 MP: 6/6
  2995 | D:3      | Found a faded altar of an unknown god.
  3000 | D:3      | Gained mutation: Your mind is acute. (Int +2) [potion of beneficial mutation]
  3509 | D:3      | Reached XP level 6. HP: 25/32 MP: 7/7
  3745 | D:4      | Found a basalt altar of Yredelemnul.
  3949 | D:4      | Reached skill level 5 in Dodging
  4094 | D:4      | Reached ** piety under Fedhas
  4115 | D:4      | Reached skill level 1 in Invocations
  4115 | D:4      | Reached XP level 7. HP: 19/36 MP: 8/8
  4245 | D:4      | Found a glowing golden altar of the Shining One.
  4400 | D:4      | Found a staircase to the Ecumenical Temple.
  4429 | D:5      | Entered Level 5 of the Dungeon
  4828 | D:5      | Reached skill level 6 in Dodging
  5132 | D:5      | Found a runed door.
  5136 | D:5      | Noticed Crazy Yiuf
  5140 | D:5      | Killed Crazy Yiuf
  5140 | D:5      | Reached XP level 8. HP: 41/42 MP: 10/10
  5666 | D:7      | Reached skill level 7 in Dodging
  5705 | D:7      | You fall through a shaft for 2 floors!
  5725 | D:9      | Reached skill level 5 in Stealth
  6697 | D:7      | Found an ancient bone altar of Kikubaaqudgha.
  6793 | D:7      | Reached skill level 8 in Dodging
  7033 | D:7      | Found Gubip's Magic Scroll Shop.
  7054 | D:7      | Reached XP level 9. HP: 46/46 MP: 9/12
  7063 | D:7      | Bought a scroll of enchant armour for 112 gold pieces
  7465 | D:8      | Reached *** piety under Fedhas
  7476 | D:8      | Reached skill level 5 in Fighting
  7675 | D:8      | Slain by a wolf

Skill      XL: |  1  2  3  4  5  6  7  8  9 |
---------------+----------------------------+-----
Stealth        | 2 3 4 6 |  6.6
Crossbows      | 5 6 7 |  7.9
Fighting       | 2 3 4 5 |  5.0
Short Blades   | 1 2 3 4 |  4.3
Dodging        | 4 5 6 8 |  8.9
Invocations    | 1 2 3 |  3.2

Action                   |  1- 3 |  4- 6 |  7- 9 || total
-------------------------+-------+-------+-------++-------
Melee: Short sword       |    43 |    32 |       ||    75
       Rapier            |       |       |   202 ||   202
 Fire: Hand crossbow     |    88 |   119 |   236 ||   443
Invok: Fungal Bloom      |       |    16 |    18 ||    34
       Evolution         |       |     1 |     2 ||     3
       Sunlight          |       |       |     1 ||     1
  Use: Potion            |     3 |     2 |     4 ||     9
       Scroll            |     8 |     1 |    11 ||    20
 Stab: Sleeping          |       |     4 |     9 ||    13
  Eat: Bread ration      |       |       |     1 ||     1
Armor: Robe              |    12 |     4 |    34 ||    50
Dodge: Dodged            |    57 |    63 |   302 ||   422
